 Dungeon Crawl Stone Soup version 0.30.1-9-gdf580d7c3d (webtiles) character file.

Game seed: 12903790261720197911

4986 Yeshua the Cleaver (level 10, -6/136 HPs)
             Began as a Minotaur Berserker on Oct 12, 2023.
             Was a High Priest of Trog.
             Mangled by an orc warrior
             ... wielding a +0 halberd
              (23 damage)
             ... in a bailey on Oct 13, 2023.
             The game lasted 01:25:41 (8525 turns).

Yeshua the Cleaver (Minotaur Berserker)             Turns: 8525, Time: 01:25:42

Health: -6/136     AC: 11    Str: 28    XL:     10   Next: 29%
Magic:  9/9        EV: 12    Int:  4    God:    Trog [*****.]
Gold:   340        SH:  0    Dex: 10    Spells: 9/9 levels left

rFire   + . .        m - +0 battleaxe "Sokkaug" {chaos, *Noise rElec rC+ Will++ Str+2}
rCold   + + .        (shield currently unavailable)
rNeg    . . .        o - +1 leather armour of the Spheres {rPois Will+}
rPois   +            (helmet restricted)
rElec   +            (no cloak)
rCorr   .            k - +2 pair of gloves
SInv    .            e - +1 pair of boots
Will    ++++.        (no amulet) Stlth
                     c - ring of willpower
HPRegen 0.42/turn    d - ring of Xiang {rElec rF+ rC+}
MPRegen 0.11/turn

%: no passive effects
@: berserking (expiring), very quick
A: horns 2, retaliatory headbutt
a: Renounce Religion, Berserk, Trog's Hand, Brothers in Arms


You were in a bailey.
You worshipped Trog.
Trog was extremely pleased with you.
You visited 2 branches of the dungeon, and saw 9 of its levels.
You also visited: Ossuary and Bailey.

You collected 340 gold pieces.

Inventory:

Hand Weapons
 m - the +0 battleaxe "Sokkaug" (weapon) {chaos, *Noise rElec rC+ Will++ Str+2}
   (You found it on level 3 of the Dungeon)

   Str:       It affects your strength (+2).
   rC:        It protects you from cold.
   rElec:     It insulates you from electricity.
   *Noise:    It may make noises in combat.
   Will:      It greatly increases your willpower.
 K - a +4 heavy lajatang
Missiles
 f - 62 stones
 u - a throwing net
Armour
 e - a +1 pair of boots (worn)
 k - a +2 pair of gloves (worn)
 l - a +3 leather armour
 o - the +1 leather armour of the Spheres (worn) {rPois Will+}
   (You found it on level 3 of the Dungeon)

   rPois:     It protects you from poison.
   Will:      It increases your willpower.
Jewellery
 c - a ring of willpower (left hand)
 d - the ring of Xiang (right hand) {rElec rF+ rC+}
   (You found it on level 4 of the Dungeon)

   [ring of protection from cold]

   rF:        It protects you from fire.
   rC:        It protects you from cold.
   rElec:     It insulates you from electricity.
 s - a ring of positive energy
 x - a ring of protection from cold
 G - a ring of ice
 H - a ring of willpower
Wands
 a - a wand of digging (6)
 p - a wand of paralysis (1) (quivered)
Scrolls
 j - 5 scrolls of teleportation
 n - a scroll of summoning
 q - 4 scrolls of enchant armour
 r - a scroll of brand weapon
 w - 2 scrolls of fog
 y - 2 scrolls of poison
 A - a scroll of fear
 F - a scroll of enchant weapon
Potions
 b - a potion of attraction
 g - 2 potions of might
 h - 3 potions of curing
 i - a potion of flight
 v - a potion of berserk rage
 z - 2 potions of brilliance
 B - 2 potions of resistance
 C - 2 potions of lignification
 D - a potion of invisibility
 E - a potion of heal wounds
 I - a potion of degeneration


   Skills:
 + Level 9.3 Fighting
 + Level 13.8 Axes
 + Level 9.0 Armour
 - Level 2.2 Dodging


You had 9 spell levels left.
You didn't know any spells.
Your spell library was empty.

Dungeon Overview and Level Annotations

Branches:
Dungeon (8/15)             Temple (1/1) D:7         Ossuary (visited)
 Bailey (1/1)
   Lair: D:8-11

Altars:
Ashenzari
Cheibriados
Dithmenos
Fedhas
Gozag
Hepliaklqana
Makhleb
Nemelex Xobeh
Qazlal
Ru
Sif Muna
Trog
Vehumet
Wu Jian
Xom
Lugonu


Innate Abilities, Weirdness & Mutations

You have a pair of horns on your head.
You reflexively headbutt those who attack you in melee.


Message History

a +0 halberd; a +0 chain mail; an orc corpse
There is an open door here.
You see here a +2 hand axe.
You open the gate.
Found two gates leading back out of this place.
There is an open gate here.
q - 4 scrolls of enchant armour (gained 2)
You open the door.
An orc knight and 3 orc warriors come into view.
The orc warrior shouts!
The orc knight shouts!
The orc warrior shouts!
The orc warrior barely misses you.
Found a glimmering ring mail and a slimy staff.
Found a roughly hewn altar of Beogh.
There is an open gate here.
The orc warrior closely misses you.
The orc knight roars a battlecry!
The orc warriors go into a battle-frenzy!
The orc warrior closely misses you.
You slash the orc warrior!
The orc warrior is heavily wounded.
The orc warrior hits you from afar with a +0 glaive!
The orc warrior hits you with a +0 halberd!!
The orc knight hits you from afar with a +0 glaive!
The orc warrior hits you from afar with a +0 halberd!
* * * LOW HITPOINT WARNING * * *
A red film seems to cover your vision as you go berserk!
You feel yourself moving faster!
You feel mighty!
The orc warrior hits you from afar with a +0 glaive!
* * * LOW HITPOINT WARNING * * *
The orc knight closely misses you. The orc warrior misses you.
You slash the orc warrior! You burn the orc warrior.
You headbutt the orc warrior.
You kill the orc warrior!
Trog accepts your kill.
Your Armour skill increases to level 9!
The orc warrior closely misses you.
The orc knight hits you with a +0 glaive!
* * * LOW HITPOINT WARNING * * *
The orc warrior hits you with a +0 halberd!!
You die...

≈≈...#########...≈≈≈.≈≈...
....##.......##...........
...##..#'#'#..##.........
.. #..##)#)##..#.........
. #.#########.##........
#.'.#|.[#)'.##........
#.###._.###.##........
#.))#ooo#.'.##........
#.####@####.##........
#..##∩.∩##..##........
##..#'''##............
##.....##............
##....##....≈≈≈.≈≈..
#######....≈##.#≈≈.
......≈# .##≈. .........
.. ≈. ........≈## ##


You could see an orc knight and 2 orc warriors.

Vanquished Creatures
  A cane toad (shapeshifter) (D:5)
  The ghost of AccursedSamuel the Chopper, a novice TeMo (D:6)
  6 yaks (D:6)
  A wyvern (D:7)
  2 steam dragons (D:7)
  A water moccasin (D:7)
  2 ice beasts
  6 orc warriors (Bailey)
  3 sky beasts
  4 black bears
  An ogre (D:6)
  A phantom (D:6)
  A bullfrog (D:7)
  6 scorpions
  3 wights (D:7)
  3 centaur zombies (Ossuary)
  4 hounds
  3 jellies
  2 human zombies (Ossuary)
  4 orc priests
  A sleepcap (D:5)
  4 orc wizards
  2 mummies (Ossuary)
  4 gnolls (D:5)
  13 adders
  3 ufetubi
  2 adder zombies (Ossuary)
  A worm (D:2)
  5 dart slugs
  32 orcs
  3 ball pythons
  5 endoplasms
  8 giant cockroaches
  9 goblins
  4 hobgoblins
  A jackal (D:3)
  4 quokkas
  5 bats
  10 frilled lizards
  A goblin zombie (Ossuary)
  10 hobgoblin zombies (Ossuary)
  2 jackal zombies (Ossuary)
  9 kobolds
  10 kobold zombies (Ossuary)
  6 orc zombies (Ossuary)
  11 rats
220 creatures vanquished.

Notes
Turn   | Place    | Note
-------+----------+-------------------------------------------
     0 | D:1      | Yeshua the Minotaur Berserker began the quest for the Orb.
     0 | D:1      | Reached XP level 1. HP: 19/19 MP: 0/0
   223 | D:1      | Reached skill level 4 in Axes
   536 | D:1      | Reached XP level 2. HP: 27/27 MP: 1/1
   924 | D:1      | You fall into a shaft and drop 1 floor!
   967 | D:2      | Reached ** piety under Trog
   968 | D:2      | Reached skill level 5 in Axes
   996 | D:2      | Reached XP level 3. HP: 33/33 MP: 2/2
  1384 | D:2      | Found a faded altar of an unknown god.
  1923 | D:3      | Found a sparkling altar of Nemelex Xobeh.
  2111 | D:3      | Reached skill level 6 in Axes
  2111 | D:3      | Reached XP level 4. HP: 40/40 MP: 3/3
  2624 | D:3      | Reached *** piety under Trog
  2688 | D:3      | Reached XP level 5. HP: 46/46 MP: 4/4
  2698 | D:3      | Identified the +0 battleaxe "Sokkaug" {chaos, *Noise rElec
                  | rC+ Will++ Str+2}
  2739 | D:3      | Reached skill level 7 in Axes
  2744 | D:3      | Identified the +1 leather armour of the Spheres {rPois
                  | Will+}
  2922 | D:4      | Identified the ring of Xiang {rElec rF+ rC+}
  3115 | D:4      | Reached skill level 8 in Axes
  3115 | D:4      | Reached XP level 6. HP: 52/52 MP: 5/5
  3702 | D:5      | Entered Level 5 of the Dungeon
  3717 | D:5      | Reached skill level 9 in Axes
  3732 | D:5      | Reached XP level 7. HP: 58/58 MP: 6/6
  3734 | D:5      | Found an ornate altar of the Wu Jian Council.
  3970 | D:5      | a scorpion changed into a glowing shapeshifter
  3970 | D:5      | Noticed a glowing shapeshifter (glowing shapeshifter)
  3970 | D:5      | a glowing shapeshifter changed into a guardian serpent
  3970 | D:5      | Noticed a guardian serpent (glowing shapeshifter)
  3971 | D:5      | a guardian serpent changed into a salamander
  3971 | D:5      | Noticed a salamander (glowing shapeshifter)
  3973 | D:5      | a salamander changed into a black mamba
  3973 | D:5      | Noticed a black mamba (glowing shapeshifter)
  3974 | D:5      | a black mamba changed into a harpy
  3974 | D:5      | Noticed a harpy (glowing shapeshifter)
  3977 | D:5      | a harpy changed into a cane toad
  3977 | D:5      | Noticed a cane toad (glowing shapeshifter)
  3978 | D:5      | Killed a cane toad
  3979 | D:5      | Reached skill level 11 in Axes
  4402 | D:5      | Reached XP level 8. HP: 59/66 MP: 7/7
  4726 | D:5      | Reached **** piety under Trog
  4854 | D:5      | Reached skill level 5 in Fighting
  5215 | D:6      | Noticed AccursedSamuel's ghost (novice TeMo)
  5222 | D:6      | Found a runed translucent door.
  5275 | D:6      | Reached skill level 5 in Armour
  5364 | D:6      | Reached skill level 12 in Axes
  5703 | D:6      | Found a sand-covered staircase.
  5708 | Ossuary  | Entered an ossuary
  5816 | Ossuary  | Reached XP level 9. HP: 69/78 MP: 8/8
  6316 | D:6      | Reached ***** piety under Trog
  6900 | D:6      | Killed AccursedSamuel's ghost
  6901 | D:6      | Reached skill level 13 in Axes
  7198 | D:7      | Found a staircase to the Ecumenical Temple.
  7261 | D:7      | Reached XP level 10. HP: 73/90 MP: 9/9
  7282 | D:7      | Found a burning altar of Makhleb.
  7339 | D:7      | Found a radiant altar of Vehumet.
  7414 | D:7      | Found a broken altar of Ashenzari.
  7455 | D:7      | Found a sacrificial altar of Ru.
  7888 | Temple   | Entered the Ecumenical Temple
  8200 | D:8      | Found a flagged portal.
  8237 | Bailey   | Entered a bailey
  8499 | Bailey   | Received a gift from Trog
  8519 | Bailey   | Noticed an orc knight
  8525 | Bailey   | Mangled by an orc warrior

Illustrated notes

Levels and vault maps discovered:
D:1:      dpeg_arrival_court, layout_loops_ring, minmay_tetromino_i2
D:2:      layout_rooms, shapermc_ecumenical_altar_venn
D:3:      minmay_razor_zed, layout_loops_ring, nemelex_diamond_rough_becter
D:4:      layout_loops_ring, kennysheep_generic_room_5
D:5:      layout_layer_cave, nicolae_wu_jian_wuxing_cycle
D:6:      layout_loops_corners, lightli_ossuary_entry_decrepit_ruins,
          hellmonk_ghost_happy_afterlife, corexii_checkpoint_a
D:7:      cheibrodos_steamvent, layout_basic, vehumet_crystals,
          marbit_many_paths, old_standard_altar,
          mainiacjoe_overflow_cross_hatched, temple_pool_b
D:8:      layout_basic, enter_bailey_5, ebering_ghost_xom, serial_shops,
          nicolae_shop_advertising_works [nicolae_subvault_shop_adworks], shop
Temple:   kb_corrupted_temple
Bailey:   bailey_polearm_2, bailey

Skill      XL: |  1  2  3  4  5  6  7  8  9 10 |
---------------+-------------------------------+-----
Axes           | 4 5 6 8 9 11 12 13 | 13.8
Fighting       | 4 6 8 9 |  9.3
Armour         | 3 5 8 9 |  9.0
Dodging        | |  2.2

Action                     |  1- 3 |  4- 6 |  7- 9 | 10-12 || total
---------------------------+-------+-------+-------+-------++-------
  Melee: Hand axe          |    87 |    57 |       |       ||   144
         Headbutt          |    12 |     6 |    33 |     6 ||    57
         Punch             |       |     1 |       |       ||     1
         Battleaxe         |       |    39 |   208 |    67 ||   314
  Throw: Stone             |       |    23 |       |       ||    23
 Invoke: Berserk           |     1 |     2 |     4 |     1 ||     8
         Trog's Hand       |       |       |       |     1 ||     1
  Evoke: Wand              |       |     1 |     1 |       ||     2
    Use: Scroll            |     5 |     5 |     9 |     1 ||    20
         Potion            |     4 |     3 |       |       ||     7
   Stab: Sleeping          |     1 |       |       |       ||     1
 Armour: Animal skin       |    13 |       |       |       ||    13
         Leather armour    |     3 |    52 |    74 |    36 ||   165
  Dodge: Dodged            |    53 |    61 |   102 |    49 ||   265
